 Dungeon Crawl Stone Soup version 0.29.1-15-g9cfb28693d (webtiles) character file.

Game seed: 17736289073009571913

9051 Sharkman1231 the Arsonist (level 11, -3/91 HPs)
             Began as a Yellow Draconian Fire Elementalist on Apr 15, 2023.
             Was an Initiate of Ashenzari.
             Slain by an orc warrior
             ... wielding a +0 halberd
              (24 damage)
             ... on level 9 of the Dungeon.
             The game lasted 00:15:49 (12871 turns).

Sharkman1231 the Arsonist (DrFE)                   Turns: 12871, Time: 00:15:50

Health: -3/91      AC:  7    Str: 17    XL:     11   Next: 18%
Magic:  2/23       EV: 12    Int: 23    God:    Ashenzari [......]
Gold:   542        SH:  0    Dex: 13    Spells: 7/14 levels left

rFire   . . .      SeeInvis .   a - +4 dagger "Morg" {pain, Will+ Int+5, Comp, Bglg} (curse)
rCold   . . .      Faith    .   (no shield)
rNeg    . . .      Spirit   .   (body armour unavailable)
rPois   .          Reflect  .   (helmet restricted)
rElec   .          Harm     .   (no cloak)
rCorr   +          Rampage  .   (no gloves)
Will    +....                   (no boots)
Stlth   ++........              (no amulet)
HPRegen 0.25/turn               i - ring of magical power
MPRegen 0.18/turn               A - +6 ring of strength

@: studying 2 skills
A: spit acid, AC +7, unfitting armour, cold-blooded, acid resistance
a: Breathe Acid, Renounce Religion, Curse Item, Shatter the Chains


You were on level 9 of the Dungeon.
You worshipped Ashenzari.
Ashenzari was noncommittal.
You visited 1 branch of the dungeon, and saw 9 of its levels.
You also visited: Bailey.

You collected 542 gold pieces.

Inventory:

Hand Weapons
 a - the cursed +4 dagger "Morg" (weapon) {pain, Will+ Int+5, Comp, Bglg}
   (You found it on level 4 of the Dungeon)

   In the hands of one skilled in necromantic magic, it inflicts extra damage on
   living creatures.
   Int:       It affects your intelligence (+5).
   Will:      It increases your willpower.
   It has a curse which improves the following skills: Companions: Summonings
   and Necromancy.
   Beguiling: Conjurations, Hexes and Translocations.
 n - a +1 vampiric trident
Jewellery
 i - a ring of magical power (left hand)
 o - a ring of ice
 y - an amulet of reflection
 A - a +6 ring of strength (right hand)
Wands
 h - a wand of iceblast (4)
 m - a wand of mindburst (6)
 q - a wand of paralysis (6)
 u - a wand of polymorph (4)
 v - a wand of flame (32)
Scrolls
 b - 2 scrolls of magic mapping
 c - 3 scrolls of immolation
 d - 2 scrolls of amnesia
 g - a scroll of torment
 l - a scroll of silence
 r - 2 scrolls of poison
 s - a scroll of fog
 x - 2 scrolls of brand weapon
 C - 3 scrolls of enchant weapon
Potions
 e - 5 potions of brilliance
 f - a potion of flight
 j - a potion of might {unknown}
 k - a potion of invisibility {unknown}
 p - a potion of magic
 t - a potion of haste {unknown}
 w - a potion of degeneration {unknown}
 z - a potion of lignification
 B - 2 potions of heal wounds {unknown}


   Skills:
 + Level 6.9 Fighting
 + Level 6.0 Short Blades
 - Level 1.7 Dodging
 - Level 1.7 Stealth
 - Level 2.0 Spellcasting
 + Level 9.0(9.4) Conjurations
 + Level 7.0(7.5) Necromancy
 + Level 9.6 Fire Magic
 + Level 4.2 Evocations


You had 7 spell levels left.
You knew the following spells:

 Your Spells              Type           Power      Damage    Failure   Level
a - Foxfire               Conj/Fire      100%       2x1d9     1%          1
b - Scorch                Fire           92%        2d9       1%          2
c - Flame Wave            Conj/Fire      46%        2d12      2%          4

Your spell library contained the following spells:

 Spells                   Type           Power      Damage    Failure   Level
 Conjure Flame            Conj/Fire      46%        6-21      1%          3
 Inner Flame              Hex/Fire       24%        N/A       5%          3
 Blink                    Tloc           4%         N/A       19%         2
 Fulminant Prism          Conj/Hex       12%        3d9       19%         4
 Hailstorm                Conj/Ice       24%        3d7       19%         4
 Iskenderun's Mystic Bla  Conj/Tloc      24%        2d7       19%         4
 Portal Projectile        Hex/Tloc       4%         N/A       36%         3
 Tukima's Dance           Hex            2%         N/A       36%         3
 Ice Form                 Ice/Tmut       2%         N/A       77%         4
 Blade Hands              Tmut           1%         N/A       98%         5
 Lee's Rapid Deconstruct  Erth           1%         3d5*      98%         5
 Manifold Assault         Tloc           2%         N/A       98%         5
 Simulacrum               Ice/Necr       9%         N/A       99%         6
 Storm Form               Tmut/Air       1%         N/A       100%        7


Dungeon Overview and Level Annotations

Branches:
Dungeon (9/15)             Temple (0/1) D:7             Orc (0/2) D:9
 Bailey (visited)
   Lair: D:8-11

Altars:
Ashenzari
Hepliaklqana
Kikubaaqudgha
Okawaru
Ru
Sif Muna
Trog
Xom
Yredelemnul
Zin

Annotations:
D:8 Grum


Innate Abilities, Weirdness & Mutations

You can spit globs of acid.
Your golden yellow scales are hard. (AC +7)
You cannot fit into any form of body armour.
You are cold-blooded and may be slowed by cold attacks.
You are resistant to acid. (rCorr)


Message History

A wave of flame ripples out!
The flame wave engulfs the orc warrior!
The orc warrior is moderately wounded.
You feel sick. The orc warrior barely misses you.
A wave of flame ripples out!
The flame wave engulfs the orc warrior.
The orc warrior is moderately wounded.
You finish channelling waves of flame.
You feel sick. The orc warrior misses you.
Unknown command.
You feel sick.
You are no longer poisoned.
The orc warrior barely misses you.
There is an open door here.
Items here: (( ))))) [ †††.
You hit the orc warrior but do no damage.
The orc warrior is moderately wounded.
You closely miss the orc warrior.
Your tail-slap misses the orc warrior.
The orc warrior is moderately wounded.
The orc warrior misses you.
Unknown command.
You hit the orc warrior but do no damage.
The orc warrior writhes in agony.
Your tail-slap misses the orc warrior.
The orc warrior is heavily wounded.
The orc warrior hits you with a +0 halberd!
You hit the orc warrior.
The orc warrior writhes in agony.
Your tail-slap misses the orc warrior.
The orc warrior is severely wounded.
You hit the orc warrior.
The orc warrior writhes in agony.
The orc warrior is severely wounded.
The orc warrior closely misses you.
You hit the orc warrior but do no damage.
The orc warrior writhes in agony.
The orc warrior is almost dead.
The orc warrior hits you with a +0 halberd!!
* * * LOW HITPOINT WARNING * * *
You completely miss the orc warrior.
Your tail-slap misses the orc warrior.
The orc warrior is almost dead.
You hit the orc warrior but do no damage.
The orc warrior is almost dead.
The orc warrior hits you with a +0 halberd!!
You die...

###...###.#(..............##
#....
#..####.........#..####
#..## ##.#
#..........##..÷.. ....
#.###.#........######. .####
#.#...########## ##
..##.####### #.##.#8)..8# ..
#.#)....# #.@o)>..###
#.#))...#.######
#.#8)..8#......#
#.############.#### ..#
#...## ### ###... ####


You could see an orc warrior.

Vanquished Creatures
  A boulder beetle (D:8)
  2 trolls (D:9)
  2 hornets
  Sigmund (D:3)
  A wraith (D:9)
  9 yaks
  Eustachio (D:6)
  Menkaure (D:5)
  An acid dragon (D:9)
  4 water moccasins
  10 orc warriors
  A black bear (D:6)
  2 ice beasts
  2 sky beasts
  A wolf (D:7)
  2 ogres
  12 centaurs
  2 phantoms
  6 kobold brigands
  A bullfrog (D:6)
  A scorpion (D:6)
  A gnoll sergeant (D:9)
  3 necrophages (D:7)
  12 wights
  An electric eel (D:8)
  2 bullfrog zombies (D:7)
  A centaur zombie (D:7)
  A human zombie (D:7)
  5 hounds (D:6)
  4 iguanas
  4 jellies
  An orc priest (D:3)
  5 orc wizards
  3 killer bee zombies (D:7)
  A mummy (D:7)
  12 gnolls
  5 adders
  A white imp (D:6)
  An ufetubus (D:4)
  A worm (D:2)
  A dart slug (D:4)
  52 orcs
  4 bats
  7 endoplasms
  3 giant cockroaches
  7 goblins
  9 hobgoblins
  7 jackals
  22 kobolds
  3 quokkas
  8 ball pythons
  6 frilled lizards
  7 rats
263 creatures vanquished.

Vanquished Creatures (others)
  148 foxfires
  5 plants
153 creatures vanquished.

Grand Total: 416 creatures vanquished

Notes
Turn   | Place    | Note
-------+----------+-------------------------------------------
     0 | D:1      | Sharkman1231 the Draconian Fire Elementalist began the
                  | quest for the Orb.
     0 | D:1      | Reached XP level 1. HP: 14/14 MP: 3/3
   134 | D:1      | Found a faded altar of an unknown god.
   347 | D:1      | Reached XP level 2. HP: 20/20 MP: 3/5
   889 | D:1      | Reached XP level 3. HP: 26/26 MP: 4/6
  1324 | D:2      | Learned a level 2 spell: Scorch
  2665 | D:3      | Reached XP level 4. HP: 33/33 MP: 2/7
  2669 | D:3      | Noticed Sigmund
  2746 | D:3      | Killed Sigmund
  2747 | D:3      | Reached skill level 5 in Fire Magic
  2747 | D:3      | Reached XP level 5. HP: 38/38 MP: 0/8
  3019 | D:3      | Reached XP level 6. HP: 34/45 MP: 2/9
  3287 | D:3      | Found a broken altar of Ashenzari.
  3614 | D:3      | Identified the +1 mace of Ehaxza {vorpal, *Slow rN+ SInv}
  3657 | D:3      | Found an iron altar of Okawaru.
  4073 | D:4      | Reached skill level 5 in Conjurations
  4088 | D:4      | Your scales start taking on a golden yellow colour.
  4088 | D:4      | Reached XP level 7. HP: 30/50 MP: 1/10
  4088 | D:4      | Gained mutation: You are resistant to acid. (rCorr) [Yellow
                  | Draconian growth]
  4502 | D:4      | Found the +4 dagger "Morg" {pain, Will+ Int+5}
  4699 | D:4      | Found a broken altar of Ashenzari.
  4701 | D:4      | Found a basalt altar of Yredelemnul.
  4701 | D:4      | Found a bloodstained altar of Trog.
  4703 | D:4      | Found a shimmering altar of Xom.
  4703 | D:4      | Found a shimmering altar of Xom.
  4703 | D:4      | Found a shimmering altar of Xom.
  4826 | D:5      | Entered Level 5 of the Dungeon
  4848 | D:5      | Reached skill level 1 in Necromancy
  5177 | D:5      | Reached XP level 8. HP: 57/57 MP: 11/11
  5232 | D:5      | Noticed Menkaure
  5236 | D:5      | Killed Menkaure
  5925 | D:6      | Noticed Eustachio
  5930 | D:6      | Killed Eustachio
  5931 | D:6      | Reached skill level 1 in Fighting
  5931 | D:6      | Reached skill level 1 in Short Blades
  6343 | D:6      | Found a sacrificial altar of Ru.
  6426 | D:6      | Noticed a hornet
  6440 | D:6      | HP: 2/61 [hornet (9)]
  6448 | D:6      | Killed a hornet
  6455 | D:6      | HP: 3/62 [hound (5)]
  6455 | D:6      | HP: 1/62 [hound (2)]
  6725 | D:6      | Reached XP level 9. HP: 68/68 MP: 12/12
  7210 | D:3      | Became a worshipper of Ashenzari the Shackled
  7517 | D:7      | Identified the +4 flail of Severance {vorpal, rC++ Dex-3}
  7600 | D:7      | Found a staircase to the Ecumenical Temple.
  7840 | D:7      | Reached skill level 5 in Necromancy
  7942 | D:7      | Found a shimmering blue altar of Sif Muna.
  8253 | D:7      | Found an ancient bone altar of Kikubaaqudgha.
  8787 | D:8      | Found a glowing silver altar of Zin.
  8788 | D:8      | Found a hazy altar of Hepliaklqana.
  8788 | D:8      | Found a basalt altar of Yredelemnul.
  8789 | D:8      | Found a bloodstained altar of Trog.
  8805 | D:8      | Found the +5 sword of Power {vorpal}
  8817 | D:8      | Noticed a boulder beetle
  8968 | D:8      | Killed a boulder beetle
  8969 | D:8      | Reached skill level 1 in Evocations
  8969 | D:8      | Reached XP level 10. HP: 72/80 MP: 6/13
  9102 | D:8      | Learned a level 4 spell: Flame Wave
  9330 | D:8      | Reached skill level 5 in Fighting
  9420 | D:8      | Noticed Grum
 10183 | D:9      | Reached skill level 5 in Short Blades
 10341 | D:9      | Found a flagged portal.
 10394 | Bailey   | Entered a bailey
 12553 | D:9      | Reached XP level 11. HP: 59/90 MP: 14/14
 12782 | D:9      | Identified the +1 scale mail "Kifoz" {Dex+2}
 12849 | D:9      | Found a staircase to the Orcish Mines.
 12871 | D:9      | Slain by an orc warrior

Illustrated notes

Levels and vault maps discovered:
D:1:      lightli_arrival_isolated_outpost, layout_basic,
          shapermc_ecumenical_altar_mp_vishouse, serial_bayou_pond_c
D:2:      layout_basic, minmay_indecisive_spiral
D:3:      layout_basic, okawaru_altar_gauntlet_db, evilmike_ruin_ashenzari,
          serial_bayou_pond_a, chequers_jeans, uniq_sigmund
D:4:      layout_basic, doesnt_xom_only_xom, kennysheep_dice
D:5:      layout_rooms, minmay_quadrilaterals, uniq_menkaure
D:6:      cheibrodos_barr_body, layout_rooms, general_overflow_altar,
          uniq_eustachio
D:7:      layout_basic, nicolae_sif_muna_little_library,
          lemuel_mausoleum_altar_kikubaaqudgha, temple_statues,
          minmay_misc_feat_enclosed, minmay_misc_feat_x,
          small_statue_intersection, roderic_malta_cross
D:8:      layout_basic, chequers_temple_overflow_statue_of_worship, uniq_joseph,
          uniq_grum
D:9:      layout_rooms, grunt_temple_overflow_lords_of_destruction,
          kennysheep_orc_monster_closet_entryway, lightli_bailey_entry_fortress,
          minivault_16

Skill      XL: |  1  2  3  4  5  6  7  8  9 10 11 |
---------------+----------------------------------+-----
Conjurations   | 2 4 5 6 7 8 9 |  9.0
Fire Magic     | 4 5 6 7 8 9 |  9.6
Necromancy     | 2 4 5 6 7 |  7.0
Fighting       | 2 4 6 |  6.9
Short Blades   | 2 4 5 6 |  6.0
Evocations     | 1 3 4 |  4.2
Dodging        | |  1.7
Stealth        | |  1.7
Spellcasting   | |  2.0

Action                   |  1- 3 |  4- 6 |  7- 9 | 10-12 || total
-------------------------+-------+-------+-------+-------++-------
Melee: Unarmed           |   109 |    17 |       |       ||   126
       Tailslap          |    12 |     7 |    16 |    26 ||    61
       Trident           |       |    36 |     9 |       ||    45
       Dagger            |       |       |    89 |   140 ||   229
       Punch             |       |       |     1 |     2 ||     3
 Cast: Foxfire           |    67 |    13 |     4 |     1 ||    85
       Scorch            |     5 |    27 |   128 |    85 ||   245
       Flame Wave        |       |       |       |    11 ||    11
Invok: Curse Item        |       |       |       |     1 ||     1
 Abil: Breathe Acid      |       |       |     1 |     7 ||     8
Evoke: Wand              |       |       |     8 |     4 ||    12
  Use: Scroll            |     1 |       |    12 |     3 ||    16
       Potion            |       |       |     6 |     1 ||     7
 Stab: Sleeping          |     1 |     1 |     1 |       ||     3
       Paralysed         |       |       |    12 |     2 ||    14
Armor: Skin              |    51 |    23 |    69 |    70 ||   213
Dodge: Dodged            |   108 |    44 |    98 |   132 ||   382
